 Dungeon Crawl Stone Soup version 0.17-a0-1863-g715b4b0 (webtiles) character file.

462 matakusis the Ducker (level 6, 0/47 HPs)
             Began as a Demonspawn Gladiator on Sept 20, 2015.
             Succumbed to kobold's curare-tipped needle
             ... on level 3 of the Dungeon.
             The game lasted 00:14:02 (4063 turns).

matakusis the Ducker (Demonspawn Gladiator)         Turns: 4063, Time: 00:14:02

Health: 0/47       AC:  5    Str: 15      XL:     6   Next: 79%
Magic:  6/6        EV: 13    Int:  6 (10) God:
Gold:   84         SH:  7    Dex: 15      Spells: 0 memorised, 5 levels left

rFire  . . .     SeeInvis .     a - +0 war axe
rCold  . . .     Clarity  .     b - +1 leather armour
rNeg   . . .     SustAt   .     f - +0 shield
rPois  .         Gourm    .     (helmet restricted)
rElec  .         Spirit   .     g - +0 cloak
rCorr  .         Warding  .     (no gloves)
rMut   .         Stasis   .     (no boots)
MR     .....                    (no amulet)
Stlth  +.........               (no ring)
                                (no ring)

@: lethally poisoned (0 -> -2), not resistant to hostile enchantments, very
unstealthy
A: antennae 1, repulsion field 1
a: no special abilities


You were on level 3 of the Dungeon.
You were not hungry.

You visited 1 branch of the dungeon, and saw 3 of its levels.

You collected 84 gold pieces.

Inventory:

Hand weapons
 a - a +0 war axe (weapon)
Missiles
 d - 3 throwing nets (quivered)
Armour
 b - a +1 leather armour (worn)
 f - a +0 shield (worn)
 g - a +0 cloak (worn)
Scrolls
 c - a scroll of enchant armour
 e - a scroll of remove curse
 h - a scroll of recharging
Books
 m - a book of Burglary

   Spells                             Type                      Level
   a - Swiftness                      Charms/Air                   2
   b - Passwall                       Transmutation/Earth          3
   c - Passage of Golubria            Translocation                4
   d - Lee's Rapid Deconstruction     Earth                        5
   e - Darkness                       Hexes                        6
   f - Invisibility                   Hexes                        6
Comestibles
 i - a meat ration
 n - 3 fruits


   Skills:
 + Level 3.1 Fighting
 + Level 4.2 Axes
 - Level 1.7 Throwing
 + Level 2.1 Armour
 * Level 5.2 Dodging


You had 5 spell levels left.
You didn't know any spells.

Dungeon Overview and Level Annotations

Branches:
Dungeon (3/15)

Altars:
Zin


Innate Abilities, Weirdness & Mutations

You have a pair of small antennae on your head.
You are surrounded by a mild repulsion field (EV +2).


Message History

* * * LOW HITPOINT WARNING * * *
You feel sick.
* * * LOW HITPOINT WARNING * * *
You feel sick.
Things that are here:
an uncursed long sword; an uncursed blowgun; 2 curare-tipped needles
There is a lethal amount of poison in your body!
* * * LOW HITPOINT WARNING * * *
You feel sick.
You see here a short sword.
* * * LOW HITPOINT WARNING * * *
You feel sick.
* * * LOW HITPOINT WARNING * * *
You feel sick.
* * * LOW HITPOINT WARNING * * *
You feel sick.
Found a stone staircase leading down.
You feel yourself speed up.
Found a brown potion.
You die...

.......o###########
#..........'..........
..........#####...###
###>.....(..%...'...'..
#.........#######...###
#.........# #...#
#.........# #...#
#!.....<..# #...#
#...@.# #...# #####.#
#...# ####.# #...#
#....# #...# #.####
#...# #.# #...### #.#
#......
#)############......
#.).(.((#....###....


There were no monsters in sight!

Vanquished Creatures
  An ice beast (D:3)
  The ghost of MikeDS the Chopper, an average HOFi (D:3)
  2 orc priests (D:3)
  2 orc wizards (D:3)
  7 adders
  An ooze (D:2)
  4 worms
  A giant gecko (D:3)
  11 orcs
  9 bats
  9 hobgoblins
  6 jackals
  14 kobolds
  5 giant newts
  8 goblins
  7 rats
88 creatures vanquished.

Notes
Turn   | Place    | Note
--------------------------------------------------------------
     0 | D:1      | matakusis the Demonspawn Gladiator began the quest for the Orb.
     0 | D:1      | Reached XP level 1. HP: 16/16 MP: 1/1
   165 | D:1      | Gained mutation: You have a pair of small antennae on your head. [demonic ancestry]
   165 | D:1      | Reached XP level 2. HP: 16/22 MP: 2/2
   201 | D:1      | Reached skill level 3 in Dodging
   578 | D:1      | Reached XP level 3. HP: 18/27 MP: 3/3
  1407 | D:2      | Reached skill level 1 in Armour
  1508 | D:2      | Gained mutation: You are surrounded by a mild repulsion field (EV +2). [demonic ancestry]
  1508 | D:2      | Reached XP level 4. HP: 18/33 MP: 4/4
  1780 | D:2      | Found a glowing silver altar of Zin.
  2724 | D:3      | Reached XP level 5. HP: 26/39 MP: 5/5
  2741 | D:3      | Reached skill level 4 in Dodging
  2859 | D:3      | Noticed an ice beast
  3075 | D:3      | Killed an ice beast
  3075 | D:3      | Reached XP level 6. HP: 10/46 MP: 6/6
  3224 | D:3      | Noticed MikeDS's ghost (average HOFi)
  3299 | D:3      | Killed MikeDS's ghost
  3299 | D:3      | Reached skill level 5 in Dodging
  3665 | D:3      | HP: 1/47 [orc priest/divine providence (9)]
  4055 | D:3      | HP: 2/47 [poisoned by kobold (curare-tipped needle)]
  4061 | D:3      | HP: 1/47 [poisoned by kobold (curare-tipped needle)]
  4063 | D:3      | Succumbed to kobold's curare-tipped needle

Vault maps used:
D:1:      evilmike_arrival_hilbert_curve
D:2:      old_standard_altar, first_bread, hangedman_abyss_or_decor_stabs,
          minmay_misc_feat_four_crosses, st_stairs_7
D:3:      minivault_27

Action                   |  1- 3 |  4- 6 || total
-------------------------+-------+-------++-------
Melee: War axe           |   152 |   182 ||   334
  Use: Potion            |     2 |     7 ||     9
       Scroll            |       |     9 ||     9
 Stab: Sleeping          |       |     1 ||     1
  Eat: Chunk             |     2 |     1 ||     3
       Bread ration      |       |     2 ||     2
